 Dungeon Crawl Stone Soup version 0.29-a0-322-g68df515428 (console) character file.

Game seed: 11099750779485113846

21 Ignak the Skirmisher (level 2, 0/31 HPs)
             Began as an Ogre Warper on Apr 6, 2022.
             Slain by a goblin
             ... wielding a +0 club
              (4 damage)
             ... on level 1 of the Dungeon.
             The game lasted 00:02:12 (868 turns).

Ignak the Skirmisher (Ogre Warper)                   Turns: 868, Time: 00:02:13

Health: 0/31       AC:  3    Str: 14    XL:     2   Next: 83%
Magic:  2/5        EV:  9    Int: 14    God:
Gold:   115        SH:  0    Dex:  8    Spells: 4/6 levels left

rFire   . . .      SeeInvis .   a - +0 mace
rCold   . . .      Faith    .   (no shield)
rNeg    . . .      Spirit   .   b - +0 robe
rPois   .          Reflect  .   (helmet restricted)
rElec   .          Harm     .   (no cloak)
rCorr   .          Rampage  .   (gloves unavailable)
Will    .....                   (boots unavailable)
Stlth   +.........              (no amulet)
HPRegen 0.10/turn               (no ring)
MPRegen 0.09/turn               (no ring)

@: on blink cooldown
A: large, unfitting armour, tough skin 1
a: no special abilities


You were on level 1 of the Dungeon.
You visited 1 branch of the dungeon, and saw 2 of its levels.

You collected 115 gold pieces.

Inventory:

Hand Weapons
 a - a +0 mace (weapon)
Missiles
 d - 7 boomerangs of dispersal (quivered)
Armour
 b - a +0 robe (worn)
Scrolls
 c - a scroll of blinking
 g - a scroll of vulnerability {unknown}
 j - a scroll of summoning {unknown}
 k - a scroll of teleportation {unknown}
Potions
 e - a potion of brilliance {unknown}
 f - a potion of invisibility {unknown}
 h - a potion of lignification {unknown}
 i - a potion of magic {unknown}


   Skills:
 * Level 3.2 Fighting
 * Level 2.1 Maces & Flails
 + Level 1.2 Throwing
 + Level 2.2 Dodging
 + Level 2.5 Spellcasting
 + Level 2.8 Translocations


You had 4 spell levels left.
You knew the following spells:

 Your Spells              Type           Power      Damage    Failure   Level
b - Blink                 Tloc           18%        N/A       11%         2

Your spell library contained the following spells:

 Spells                   Type           Power      Damage    Failure   Level
 Gell's Gravitas          Tloc           9%         N/A       21%         3
 Lesser Beckoning         Tloc           9%         N/A       21%         3
 Teleport Other           Tloc           9%         N/A       21%         3
 Confusing Touch          Hex            1%         N/A       56%         3
 Manifold Assault         Tloc           9%         N/A       88%         5
 Yara's Violent Unravell  Hex/Tmut       0%         3d3       99%         5
 Enfeeble                 Hex            0%         N/A       100%        7


Dungeon Overview and Level Annotations

Branches:
Dungeon (2/15)

Altars:


Innate Abilities, Weirdness & Mutations

You are too large for most types of armour.
You have tough skin. (AC +1)


Message History

The goblin misses you. The hobgoblin closely misses you.
You hit the hobgoblin.
The hobgoblin is heavily wounded.
The goblin hits you with a +0 club. The hobgoblin hits you.
The hobgoblin barely misses you.
You hit the goblin but do no damage. The goblin misses you.
The hobgoblin hits you. x2
The hobgoblin attacks as you move away!
The hobgoblin hits you but does no damage.
The goblin closely misses you. The hobgoblin attacks as you move away!
The hobgoblin hits you. The goblin hits you with a +0 club.
You closely miss the hobgoblin.
The hobgoblin is lightly wounded.
The hobgoblin barely misses you. The hobgoblin hits you.
The goblin hits you with a +0 club.
* * * LOW HITPOINT WARNING * * *
The hobgoblin hits you.
* * * LOW HITPOINT WARNING * * *
Casting: Blink (safe; 11% risk of failure)
Confirm with . or Enter, or press ? or * to list all spells.
You don't know that spell.
Casting: Blink (safe; 11% risk of failure)
Confirm with . or Enter, or press ? or * to list all spells.
You blink.
You feel stable enough to blink again. The goblin attacks as you move away!
The goblin completely misses you.
There is an escape hatch in the ceiling here.
The goblin hits you with a +0 club.
* * * LOW HITPOINT WARNING * * *
A mysterious force pulls you upwards. The hatch slams shut behind you.
You closely miss the goblin. The goblin hits you with a +0 club.
* * * LOW HITPOINT WARNING * * *
You hit the goblin.
The goblin is moderately wounded.
The goblin misses you.
Casting: Blink (safe; 11% risk of failure)
Confirm with . or Enter, or press ? or * to list all spells.
You blink.
The goblin hits you with a +0 club.
You die...

........# #.##..####.#..#...#
........# #....###.....######
.......## #........#.### #######
......#####.....###..# ###...>..
#######........##...## ##...#####
##.###.)...#.### ##..###
#........#.....###..##
##...#.....##.#.#...##
#..###......@g......#####
####.........#...ยง....)....#####
#....###..##....#..........#....
#........###.##............#....
#....##### #....####............
###### #..### #######...... #.##
###.... ##.# #.... #..# #....


You could see a goblin.

Vanquished Creatures
  An endoplasm (D:2)
  3 giant cockroaches (D:1)
  2 goblins (D:2)
  4 hobgoblins (D:2)
  2 quokkas (D:1)
  2 bats (D:1)
  A kobold (D:2)
  3 rats
18 creatures vanquished.

Notes
Turn   | Place    | Note
-------+----------+-------------------------------------------
     0 | D:1      | Ignak the Ogre Warper began the quest for the Orb.
     0 | D:1      | Reached XP level 1. HP: 22/22 MP: 3/3
   442 | D:1      | Reached XP level 2. HP: 23/29 MP: 5/5
   445 | D:1      | Learned a level 2 spell: Blink
   538 | D:1      | Reached skill level 3 in Fighting
   591 | D:2      | Found a faded altar of an unknown god.
   868 | D:1      | Slain by a goblin

Illustrated notes

Levels and vault maps discovered:
D:1:      dreamdust_arrival_beginning_and_end, layout_rooms
D:2:      cheibrodos_greedy_goblins, layout_rooms,
          hellmonk_ecumenical_altar_arch_garden

Skill      XL: |  1  2 |
---------------+-------+-----
Fighting       | 3 |  3.2
Maces & Flails | 2 |  2.1
Throwing       | |  1.2
Dodging        | |  2.2
Spellcasting   | |  2.5
Translocations | |  2.8

Action                   || total
-------------------------++-------
Melee: Mace              ||    66
 Cast: Blink             ||     2
Armor: Robe              ||    32
Dodge: Dodged            ||    47

Table legend: (Time is in decaauts)
 A = Elapsed time spent in this place.
 B = Non-inter-level travel time spent in this place.
 C = Inter-level travel time spent in this place.
 D = Time resting spent in this place.
 E = Time spent auto-exploring this place.
 F = Levels seen in this place.
 G = Mean time per level.
                   A        B        C        D        E       F      G
               +--------+--------+--------+--------+--------+-----+--------+
         Total |    888 |    876 |     12 |      0 |    654 |   2 |  444.0 |
       Dungeon |    888 |    876 |     12 |      0 |    654 |   2 |  444.0 |
               +--------+--------+--------+--------+--------+-----+--------+

Top non-repeatable levels by time:
     D:1: 604 daAuts
     D:2: 283 daAuts
